cohdb
Replays
Latest Replays
All Replays
Popular Replays
Top Player Replays
Match Explorer
How It Works
Community
CoH3 Stats
Reddit
Sign in to upload your games and track your stats! →
Sign in with Steam
Stugs vs Stewarts. One mine to rule them all
Match 14180561
Overview
Messages
Build Orders
End
Royal Engineer Section
Vickers Machine Gun Team
Vickers Machine Gun Team
Construct Section Command Post
Infantry Section
Infantry Section
Construct Field Infirmary
Infantry Section
Team Weapon Training
Selects Indian Artillery Battlegroup
Selects Towed ML 4.2-inch Heavy Mortar
Towed ML 4.2-inch Heavy Mortar
Selects Valour
Selects Gurkha Rifles Section
Construct Platoon Command Post
Unlock M3 Stuart Light Tanks
M3 Stuart Light Tank
M3 Stuart Light Tank
Selects Volunteer Infantry
M3 Stuart Light Tank
M3 Stuart Light Tank
M3 Stuart Light Tank
6-pounder Anti-tank Gun Team
Selects Off-map Airburst Barrage
M3 Stuart Light Tank
6-pounder Anti-tank Gun Team
Light Vehicle Training
M3 Stuart Light Tank
Selects Perimeter Monitor
M3 Stuart Light Tank
Off-map Airburst Barrage
M3 Stuart Light Tank
AI Takeover
SmG
ToxicGrenadier
0
0
Comments
sign in to comment!
No comments posted yet!